 Dungeon Sprint DCSS version 0.24-a0-335-g06ca16af6c (webtiles) character file.

Game seed: 6399241730714818712

10100000 Hercules1031 the Axe Maniac (level 27, 0/298 HPs)
             Began as a Deep Dwarf Warper on May 19, 2019.
             Was the Champion of Makhleb.
             Killed by the air
             ... invoked by a tyrant
              (45 damage)
             ... in the Dungeon (Sprint VIII: "Arena of Blood").
             The game lasted 00:04:07 (101 turns).

Hercules1031 the Axe Maniac (Deep Dwarf Warper)      Turns: 101, Time: 00:04:08

Health: 0/298      AC:  6    Str: 18    XL:     27
Magic:  40/54      EV: 34    Int: 15    God:    Makhleb [******]
Gold:   0          SH:  0    Dex: 21    Spells: 80/80 levels left

rFire    + . .     SeeInvis .   c - +∞ Axe of Woe
rCold    . . .     Gourm    .   (shield currently unavailable)
rNeg     + . .     Faith    .   b - +0 leather armour
rPois    .         Spirit   .   (no helmet)
rElec    .         Reflect  .   (no cloak)
rCorr    .         Harm     .   (no gloves)
MR       ++++.     NoTele   +   (no boots)
Stlth    +++++++++.             (no amulet)
HPRegen  0.00/turn              l - ring of protection from fire
MPRegen  0.34/turn              (no ring)

@: non-regenerating, lightly drained
A: damage resistance, heal wounds, negative energy resistance 1, sense
surroundings 3, no regeneration
a: Heal Wounds, Minor Destruction, Lesser Servant of Makhleb, Major Destruction,
Greater Servant of Makhleb, Renounce Religion


You were in the Dungeon.
You worshipped Makhleb.
Makhleb was exalted by your worship.
You were not hungry.

You visited 1 branch

Inventory:

Hand Weapons
 a - a +0 hand axe
 c - the +∞ Axe of Woe (weapon)
   (You found it in the Dungeon)
Missiles
 e - 5 boomerangs of dispersal (quivered)
Armour
 b - a +0 leather armour (worn)
Jewellery
 l - a ring of protection from fire (left hand)
Scrolls
 d - a scroll of blinking
Potions
 g - a potion of curing
 i - a potion of haste
 j - 2 potions of magic
 k - a potion of berserk rage
Comestibles
 f - a ration


   Skills:
 O Level 27(26.2) Fighting
 O Level 27(26.2) Axes
 O Level 27(26.2) Throwing
 O Level 27(26.2) Armour
 O Level 27(26.2) Dodging
 O Level 27(26.2) Stealth
 O Level 27(26.2) Unarmed Combat
 O Level 27(26.2) Spellcasting
   Level 3.2(2.8) Translocations
 O Level 27(26.2) Invocations


You had 80 spell levels left.
You didn't know any spells.
Your spell library contained the following spells:

 Spells                   Type           Power        Failure   Level  Hunger
 Blink                    Tloc           N/A          1%          2    None
 Shroud of Golubria       Chrm/Tloc      ###.......   1%          2    None
 Gell's Gravitas          Tloc           ####......   1%          3    None
 Lesser Beckoning         Tloc           ####......   1%          3    None
 Teleport Other           Tloc           ####....     1%          3    None
 Passage of Golubria      Tloc           N/A          6%          4    None


Dungeon Overview and Level Annotations

Branches:
Dungeon (1/1)

Altars:
Makhleb


Innate Abilities, Weirdness & Mutations

You are resistant to damage.
You can heal yourself by infusing magical energy.
You resist negative energy. (rN+)
You passively map a large area around you.
You do not regenerate.


Message History

The tyrant mumbles some strange words.
The tyrant seems to speed up.
The eight-headed meat hydra calls on the powers of darkness!
The eight-headed meat hydra convulses!
Your body is wracked with pain!
* * * LOW HITPOINT WARNING * * *
You hear a shout!
The tyrant casts a spell.
The tyrant seems to speed up.
You hear a shout!
Items here: )))) ==== † You feel much better.
The tyrant appears out of thin air!
A tyrant comes into view.
You hear a shout! x4
The accursed points at you and mumbles some strange words.
Something smites you!
* * * LOW HITPOINT WARNING * * *
You hear a shout!
The tyrant waves its bony arms in wide circles.
The air twists around and strikes you!
You die...

#........ , , .
#...M.... , #
#........ ...#.... #
#..%L.....#......###
#...%#..z...........
#))..##.......#.....
#.)...#.....#.......
#)))...###V.........
#))@..##.o.☼#.....))
#))))#.....§o§#%...)
#))))#X....§o§OO....
#...)L.....)§§§..###
#...D...%..%§§§....#
#.....%.....%..%...#
#.....L.%.#§........
#........#.#.#......
#.........#.#.......


You could see an accursed, 3 tyrants and an eight-headed meat hydra.

Vanquished Creatures
  4 hell beasts (D)
  2 greater mummies (D)
  2 great orbs of eyes (D)
  A wraith (D)
  11 vampire knights (D)
  28 ogres (D)
  6 two-headed ogres (D)
  A lich (D)
  61 orcs (D)
  2 phantoms (D)
  3 skeletal warriors (D)
  4 large abominations (D)
  5 small abominations (D)
  8 crawling corpses (D)
138 creatures vanquished.

Vanquished Creatures (others)
  3 crawling corpses (D)
3 creatures vanquished.

Grand Total: 141 creatures vanquished

Notes
Turn   | Place    | Note
-------+----------+-------------------------------------------
     0 | D        | Found the +∞ Axe of Woe
     0 | D        | Hercules1031 the Deep Dwarf Warper began the quest for the
                  | Orb.
     0 | D        | Reached XP level 1. HP: 19/19 MP: 3/3
     2 | D        | Noticed a bag of meat
     4 | D        | Became a worshipper of Makhleb the Destroyer
     5 | D        | Noticed a bag of meat
     5 | D        | Noticed a bag of meat
     5 | D        | Noticed a bag of meat
     7 | D        | Noticed a bag of meat
     7 | D        | Noticed a bag of meat
     8 | D        | Killed a bag of meat
     8 | D        | Reached skill level 15 in Axes
     8 | D        | Reached skill level 15 in Armour
     8 | D        | Reached skill level 15 in Dodging
     8 | D        | Reached XP level 2. HP: 48/48 MP: 4/4
     8 | D        | Reached XP level 3. HP: 55/55 MP: 5/5
     8 | D        | Reached XP level 4. HP: 63/63 MP: 6/6
     8 | D        | Reached XP level 5. HP: 70/70 MP: 7/7
     8 | D        | Reached XP level 6. HP: 79/79 MP: 8/8
     8 | D        | Reached XP level 7. HP: 86/86 MP: 9/9
     8 | D        | Reached XP level 8. HP: 94/94 MP: 10/10
     8 | D        | Gained mutation: You passively map the area around you.
                  | [Deep Dwarf growth]
     8 | D        | Reached XP level 9. HP: 102/102 MP: 11/11
     8 | D        | Reached XP level 10. HP: 110/110 MP: 12/12
     8 | D        | Reached XP level 11. HP: 117/117 MP: 13/13
     8 | D        | Noticed a bag of meat
     8 | D        | Noticed a bag of meat
     9 | D        | Noticed a meat berserker
     9 | D        | Killed a bag of meat
     9 | D        | Reached * piety under Makhleb
     9 | D        | Reached skill level 15 in Fighting
     9 | D        | Reached XP level 12. HP: 99/132 MP: 14/14
     9 | D        | Killed a bag of meat
     9 | D        | Reached XP level 13. HP: 106/142 MP: 15/15
     9 | D        | Killed a bag of meat
     9 | D        | Gained mutation: You resist negative energy. (rN+) [Deep
                  | Dwarf growth]
     9 | D        | Reached XP level 14. HP: 117/156 MP: 16/16
     9 | D        | Killed a bag of meat
     9 | D        | Reached ** piety under Makhleb
     9 | D        | Noticed a bag of meat
     9 | D        | Noticed a bag of meat
    11 | D        | Noticed a bag of meat
    12 | D        | Noticed a bag of meat
    12 | D        | Killed a meat berserker
    12 | D        | Reached XP level 15. HP: 170/170 MP: 17/17
    13 | D        | Noticed a meat berserker
    14 | D        | Noticed a meat berserker
    15 | D        | Noticed a meat berserker
    15 | D        | Noticed a meat berserker
    16 | D        | Noticed a meat berserker
    17 | D        | Noticed a large bag of meat
    18 | D        | Reached *** piety under Makhleb
    18 | D        | Reached XP level 16. HP: 183/183 MP: 18/18
    19 | D        | Killed a meat berserker
    19 | D        | Killed a meat berserker
    19 | D        | Reached skill level 27 in Axes
    19 | D        | Reached skill level 27 in Armour
    19 | D        | Reached skill level 27 in Dodging
    19 | D        | Reached XP level 17. HP: 207/207 MP: 19/19
    20 | D        | Killed a meat berserker
    20 | D        | Reached **** piety under Makhleb
    20 | D        | Reached skill level 27 in Fighting
    20 | D        | Reached skill level 5 in Throwing
    20 | D        | Gained mutation: You passively map a large area around you.
                  | [Deep Dwarf growth]
    20 | D        | Reached XP level 18. HP: 218/218 MP: 19/41
    20 | D        | Noticed a large bag of meat
    20 | D        | Noticed a meat berserker
    21 | D        | Noticed a meat berserker
    21 | D        | Noticed a meat berserker
    21 | D        | Noticed a meat berserker
    21 | D        | Noticed a destroyer
    21 | D        | Noticed a destroyer
    23 | D        | Killed a meat berserker
    23 | D        | Reached ***** piety under Makhleb
    23 | D        | Reached XP level 19. HP: 226/226 MP: 19/49
    23 | D        | Reached skill level 15 in Throwing
    23 | D        | Reached skill level 27 in Spellcasting
    23 | D        | Noticed a large bag of meat
    24 | D        | Killed a large bag of meat
    24 | D        | Killed a destroyer
    24 | D        | Reached skill level 27 in Throwing
    24 | D        | Reached XP level 20. HP: 236/236 MP: 19/51
    24 | D        | Reached skill level 15 in Invocations
    24 | D        | Noticed a meat berserker
    25 | D        | Noticed a large bag of meat
    25 | D        | Killed a meat berserker
    25 | D        | Reached ****** piety under Makhleb
    25 | D        | Reached XP level 21. HP: 244/244 MP: 20/52
    26 | D        | Noticed a large bag of meat
    26 | D        | Reached skill level 27 in Stealth
    26 | D        | Reached skill level 27 in Invocations
    26 | D        | Killed a large bag of meat
    26 | D        | Reached skill level 27 in Unarmed Combat
    26 | D        | Reached XP level 22. HP: 254/254 MP: 20/53
    28 | D        | Killed a destroyer
    28 | D        | Reached XP level 23. HP: 262/262 MP: 20/54
    28 | D        | Noticed a destroyer
    29 | D        | Killed a large bag of meat
    29 | D        | Killed a large bag of meat
    29 | D        | Reached XP level 24. HP: 272/272 MP: 21/54
    29 | D        | Noticed a destroyer
    30 | D        | Noticed a large bag of meat
    34 | D        | Noticed a destroyer
    36 | D        | HP: 4/272 [destroyer/+9 great sword of slicing (61)]
    37 | D        | Reached XP level 25. HP: 57/280 MP: 23/54
    37 | D        | Killed a destroyer
    39 | D        | Reached XP level 26. HP: 290/290 MP: 23/54
    39 | D        | Killed a destroyer
    41 | D        | Noticed a destroyer
    44 | D        | Killed a large bag of meat
    44 | D        | Reached XP level 27. HP: 298/298 MP: 25/54
    47 | D        | Killed a destroyer
    51 | D        | Killed a destroyer
    56 | D        | Noticed a destroyer
    60 | D        | Noticed a destroyer
    62 | D        | Killed a large bag of meat
    63 | D        | Noticed a destroyer
    64 | D        | Killed a destroyer
    66 | D        | Noticed a tyrant
    66 | D        | Noticed a meat beast
    68 | D        | Noticed an accursed
    70 | D        | Noticed a destroyer
    70 | D        | Noticed an accursed
    72 | D        | Noticed a dread
    72 | D        | Noticed a meat beast
    74 | D        | Killed a destroyer
    76 | D        | Noticed a destroyer
    77 | D        | Killed a meat beast
    78 | D        | Killed a destroyer
    82 | D        | Killed a tyrant
    83 | D        | Killed an accursed
    85 | D        | Noticed a meat beast
    85 | D        | Killed a dread
    86 | D        | Killed an accursed
    89 | D        | Killed a meat beast
    89 | D        | Killed a destroyer
    91 | D        | Killed a destroyer
    94 | D        | Noticed a meat beast
    95 | D        | Noticed a meat beast
    97 | D        | Noticed a tyrant
    97 | D        | Noticed a tyrant
    98 | D        | Killed a meat beast
    99 | D        | Killed a meat beast
   100 | D        | Noticed an accursed
   101 | D        | Killed from afar by a tyrant

Levels and vault maps discovered:
D:        meatsprint

Skill      XL: |  1  2  3  4  5  6  7  8  9 10 11 12 13 14 15 16 17 18 19 20 21 |
---------------+----------------------------------------------------------------+-----
Fighting       | 13 15 16 18 20 21 26 27 | 27.0
Axes           | 15 18 19 20 23 25 27 | 27.0
Armour         | 15 17 19 20 23 25 27 | 27.0
Dodging        | 15 18 19 20 23 25 27 | 27.0
Throwing       | 5 9 27 | 27.0
Spellcasting   | 19 26 27 | 27.0
Stealth        | 24 27 | 27.0
Unarmed Combat | 18 27 | 27.0
Invocations    | 24 27 | 27.0
Translocations | |  3.2

Action                   |  1- 3 |  4- 6 |  7- 9 | 10-12 | 13-15 | 16-18 | 19-21 | 22-24 | 25-27 || total
-------------------------+-------+-------+-------+-------+-------+-------+-------+-------+-------++-------
Melee: Executioner's axe |     1 |       |       |     1 |     3 |     3 |     3 |     7 |    48 ||    66
 Abil: Heal Wounds       |       |       |       |       |       |       |       |       |     1 ||     1
  Use: Scroll            |       |       |       |       |       |       |       |     1 |       ||     1
       Potion            |       |       |       |       |       |       |       |       |     1 ||     1
Armor: Leather armour    |       |       |       |       |       |       |       |       |     1 ||     1
Dodge: Dodged            |       |       |       |       |     1 |     1 |       |       |     6 ||     8

Table legend:
 A = Non-vault XP
 B = Vault XP
 C = Vault XP percentage of total XP
 D = Non-vault monster count
 E = Vault monster count
 F = Vault count percentage of total count
                 A         B        C        D         E       F
            +---------+---------+-------+---------+---------+-------
      Total | 2468867 | 1446778 |  36.9 |      65 |      65 |  50.0
            +---------+---------+-------+---------+---------+-------
          D | 2468867 | 1446778 |  36.9 |      65 |      65 |  50.0
            +---------+---------+-------+---------+---------+-------
